 Dungeon Crawl Stone Soup version 0.30-a0-956-gcec3b41aec (webtiles) character file.

Game seed: 5303521228252925545

59 Lobster4 the Magician (level 4, -7/32 HPs)
             Began as a Djinni Fire Elementalist on Mar 29, 2023.
             Mangled by Sigmund
             ... wielding a +1 scythe of protection
              (8 damage)
             ... on level 2 of the Dungeon.
             The game lasted 00:03:28 (1113 turns).

Lobster4 the Magician (Djinni Fire Elementalist)    Turns: 1113, Time: 00:03:28

Health: -7/32      AC:  2    Str:  7    XL:     4   Next: 22%
Gold:   104        EV: 12    Int: 19    God:
                   SH:  0    Dex: 13

rFire   + + .      SeeInvis .    m - +0 rapier
rCold   x . .      Faith    .    (no shield)
rNeg    . . .      Spirit   .    a - +0 robe
rPois   ∞          Reflect  .    (no helmet)
rElec   .          Rampage  .    (no cloak)
rCorr   .                        (no gloves)
Will    .....                    (boots unavailable)
Stlth   ++                       (no amulet)
HPRegen 0.25/turn                (no ring)
MPRegen 0.00/turn                (no ring)

@: flying, very slightly contaminated
A: sickness immunity, fire resistance 2, cold vulnerability 1, float, innate
caster, HP casting, extra vitality 1
a: no special abilities


You were on level 2 of the Dungeon.
You visited 1 branch of the dungeon, and saw 2 of its levels.

You collected 104 gold pieces.

Inventory:

Hand Weapons
 c - a +0 dagger
 m - a +0 rapier (weapon)
Missiles
 e - 10 stones
 f - 3 javelins
 g - 9 poisoned darts (quivered)
 k - 4 atropa-tipped darts
Armour
 a - a +0 robe (worn)
 p - a +0 leather armour
Scrolls
 j - a scroll of magic mapping {unknown}
 n - a scroll of teleportation {unknown}
 o - a scroll of fear {unknown}
Potions
 d - a potion of degeneration {unknown}
 h - a potion of ambrosia {unknown}
 i - a potion of brilliance {unknown}
 l - 2 potions of lignification {unknown}


   Skills:
 + Level 1.2 Fighting
 + Level 0.4 Short Blades
 + Level 0.0 Throwing
 + Level 1.3 Armour
 + Level 2.7 Dodging
 - Level 2.0 Stealth
 + Level 2.7 Spellcasting


You knew the following spells:

 Your Spells              Type           Power      Damage    Failure   Level
a - Foxfire               Conj/Fire      52%        2x1d4     4%          1
b - Scorch                Fire           26%        2d6       8%          2
c - Slow                  Hex            52%        N/A       4%          1
d - Inner Flame           Hex/Fire       13%        N/A       16%         3
e - Flame Wave            Conj/Fire      13%        2d6       45%         4
f - Kindle Blastsparks    Fire/Tloc/Air  26%        2d12      16%         3
Your spell library was empty.

Dungeon Overview and Level Annotations

Branches:
Dungeon (2/15)

Altars:

Annotations:
D:2 Sigmund


Innate Abilities, Weirdness & Mutations

You are immune to sickness and miasma.
You are immune to poison.
Your flesh is very heat resistant. (rF++)
You are vulnerable to cold. (rC-)
You float through the air rather than walking.
You learn spells naturally, not from books.
Your magical power is your life essence.
You have superior vitality. (+4 MHP)


Message History

Casting: Foxfire (safe; 4% risk of failure)
Confirm with . or Enter, or press ? or * to list all spells.
You conjure some foxfire!
* * * LOW HITPOINT WARNING * * *
Unknown command.
You feel better.
The foxfire hits something but does no damage. x2
Something hits you.
* * * LOW HITPOINT WARNING * * *
You hear some strange, mumbled words.
Something tries to affect you, but you resist.
Casting: Foxfire (safe; 4% risk of failure)
Confirm with . or Enter, or press ? or * to list all spells.
You can't see any susceptible monsters within range! (Use Z to cast anyway.)
Casting: Foxfire (safe; 4% risk of failure)
Confirm with . or Enter, or press ? or * to list all spells.
You conjure some foxfire!
* * * LOW HITPOINT WARNING * * *
Unknown command.
Casting: Foxfire (safe; 4% risk of failure)
Confirm with . or Enter, or press ? or * to list all spells.
You conjure some foxfire!
* * * LOW HITPOINT WARNING * * *
The foxfire hits something.
Something hits you.
* * * LOW HITPOINT WARNING * * *
Unknown command.
Casting: Foxfire (safe; 4% risk of failure)
Confirm with . or Enter, or press ? or * to list all spells.
You conjure some foxfire!
* * * LOW HITPOINT WARNING * * *
The foxfire hits something but does no damage.
The foxfire hits something.
Unknown command.
Casting: Foxfire (safe; 4% risk of failure)
Confirm with . or Enter, or press ? or * to list all spells.
You conjure some foxfire!
* * * LOW HITPOINT WARNING * * *
The foxfire hits something but does no damage. x2
Something hits you!
You die...

## #..#..# .## #...# #.##
#.....#.# .#.## ##...#
#.# #.#.## #. ... #.#
##.#†## #.####.## #g#
.##.#.##........# #.#
#.##.#.##......v####.#
.##.#.##.^.....§@†{g.#
##.#.##.........§v######
#.#.##...........§v.....#
.#.####.##...##.....#####
#.##............#####
.##............#######
##........#..........#
#.....<..............#
..##......#..........#


You could see a hobgoblin.

Vanquished Creatures
  2 adders (D:2)
  A dart slug (D:1)
  4 ball pythons (D:1)
  4 endoplasms
  4 giant cockroaches
  4 hobgoblins
  7 jackals
  A quokka (D:1)
  A bat (D:1)
  3 frilled lizards
  4 rats
35 creatures vanquished.

Vanquished Creatures (others)
  136 foxfires
136 creatures vanquished.

Grand Total: 171 creatures vanquished

Notes
Turn   | Place    | Note
-------+----------+-------------------------------------------
     0 | D:1      | Lobster4 the Djinni Fire Elementalist began the quest for
                  | the Orb.
     0 | D:1      | Lobster4 set off with the following spells memorised:
                  | Foxfire, Scorch, Kindle Blastsparks, Inner Flame, Flame
                  | Wave.
     0 | D:1      | Reached XP level 1. HP: 15/15 MP: 0/0
    55 | D:1      | Reached XP level 2. HP: 14/22 MP: 0/0
   368 | D:1      | Reached XP level 3. HP: 12/26 MP: 0/0
   368 | D:1      | Learned a level 1 spell: Slow
   744 | D:2      | Reached skill level 1 in Fighting
   745 | D:2      | Reached skill level 1 in Armour
   968 | D:2      | Reached XP level 4. HP: 19/32 MP: 0/0
  1083 | D:2      | Noticed Sigmund
  1113 | D:2      | Mangled by Sigmund

Illustrated notes

Levels and vault maps discovered:
D:1:      ncdulo_halloftheorcs, layout_basic
D:2:      minmay_inner_zag, layout_rooms, basic_altar,
          kennysheep_generic_room_11, uniq_sigmund

Skill      XL: |  1  2  3 |
---------------+----------+-----
Fighting       | 1 |  1.2
Armour         | 1 |  1.3
Stealth        | 2 |  2.0
Short Blades   | |  0.4
Dodging        | |  2.7
Spellcasting   | |  2.7

Action                     |  1- 3 |  4- 6 || total
---------------------------+-------+-------++-------
  Melee: Rapier            |    14 |     1 ||    15
   Cast: Foxfire           |    66 |    16 ||    82
         Scorch            |     7 |     4 ||    11
    Use: Potion            |       |     2 ||     2
 Armour: Robe              |     8 |       ||     8
  Dodge: Dodged            |    26 |     1 ||    27

Table legend: (Time is in decaauts)
 A = Elapsed time spent in this place.
 B = Non-inter-level travel time spent in this place.
 C = Inter-level travel time spent in this place.
 D = Time resting spent in this place.
 E = Time spent auto-exploring this place.
 F = Levels seen in this place.
 G = Mean time per level.
                   A        B        C        D        E       F      G
               +--------+--------+--------+--------+--------+-----+--------+
         Total |   1114 |   1108 |      6 |     85 |    754 |   2 |  557.0 |
       Dungeon |   1114 |   1108 |      6 |     85 |    754 |   2 |  557.0 |
               +--------+--------+--------+--------+--------+-----+--------+

Top non-repeatable levels by time:
     D:1: 740 daAuts
     D:2: 374 daAuts
